 Dungeon Crawl Stone Soup version 0.30.0-29-ga12c61a403 (webtiles) character file.

Game seed: 4926353627570692723

2166 Riddle the Thaumaturge (level 9, -1/58 HPs)
             Began as a Djinni Necromancer on June 5, 2023.
             Slain by a white imp (7 damage)
             ... on level 7 of the Dungeon.
             The game lasted 00:16:41 (5614 turns).

Riddle the Thaumaturge (Djinni Necromancer)         Turns: 5614, Time: 00:16:41

Health: -1/58      AC:  6    Str:  7    XL:     9   Next: 57%
Gold:   383        EV: 13    Int: 20    God:
                   SH:  0    Dex: 15

rFire   + +          .
                       - Unarmed
rCold   x . .        x - orb {light}
rNeg    + . .        a - +0 robe
rPois   ∞            i - +0 helmet
rElec   .            B - +0 cloak {rPois}
rCorr   .            H - +1 pair of gloves
SInv    .            (boots unavailable)
Will    .....        (no amulet)
Stlth   +            C - ring of positive energy
HPRegen 0.29/turn    (no ring)
MPRegen 0.00/turn

%: infuse magic (-2 HP)
@: flying, hasted, glowing, very quick
A: sickness immunity, fire resistance 2, cold vulnerability 1, float, innate
caster, HP casting, extra vitality 1
a: no special abilities


You were on level 7 of the Dungeon.
You visited 1 branch of the dungeon, and saw 7 of its levels.

You collected 383 gold pieces.

Inventory:

Missiles
 F - a throwing net
Armour
 a - a +0 robe (worn)
 i - a +0 helmet (worn)
 x - an orb of light (worn)
 B - a +0 cloak of poison resistance (worn)
 H - a +1 pair of gloves (worn)
Magical Staves
 A - a staff of death
Jewellery
 C - a ring of positive energy (left hand)
Wands
 t - a wand of paralysis (5)
 y - a wand of quicksilver (2)
 E - a wand of iceblast (7)
Scrolls
 b - 2 scrolls of poison {unknown}
 c - 3 scrolls of vulnerability {unknown}
 d - 7 scrolls of identify {unknown}
 h - 2 scrolls of fog {unknown}
 j - 2 scrolls of blinking {unknown}
 m - 2 scrolls of noise {unknown}
 o - 5 scrolls of teleportation {unknown}
 p - a scroll of enchant weapon {unknown}
 q - a scroll of enchant armour {unknown}
 s - a scroll of amnesia {unknown}
 w - 2 scrolls of immolation {unknown}
 D - a scroll of magic mapping {unknown}
Potions
 e - 2 potions of haste
 f - a potion of curing
 g - a potion of heal wounds {unknown}
 l - 2 potions of invisibility {unknown}
 n - a potion of magic {unknown}
 r - a potion of cancellation {unknown}
 u - a potion of flight {unknown}
 v - a potion of brilliance {unknown}
 z - a potion of lignification {unknown}
 G - a potion of berserk rage {unknown}


   Skills:
 + Level 1.6 Fighting
 + Level 2.9 Dodging
 + Level 2.8 Stealth
 + Level 1.3 Unarmed Combat
 + Level 9.3 Spellcasting
 + Level 0.4 Evocations


You knew the following spells:

 Your Spells              Type           Power      Damage    Failure   Level
a - Necrotise             Necr           100%       1d9       1%          1
b - Vampiric Draining     Necr           46%        2d9       1%          3
c - Animate Dead          Necr           46%        N/A       1%          4
d - Agony                 Necr           46%        N/A       4%          5
e - Foxfire               Conj/Fire      100%       2x1d9     1%          1
f - Momentum Strike       Conj/Tloc      92%        3d10      1%          2
g - Vhi's Electric Charg  Tloc/Air       92%        N/A       1%          3
h - Teleport Other        Tloc           46%        N/A       1%          3
Your spell library was empty.

Dungeon Overview and Level Annotations

Branches:
Dungeon (7/15)
 Temple: D:4-7

Altars:
Ashenzari
Gozag
Uskayaw
Wu Jian
Yredelemnul
Zin

Shops:
D:1 [   D:2 :


Innate Abilities, Weirdness & Mutations

You are immune to sickness and miasma.
You are immune to poison.
Your flesh is very heat resistant. (rF++)
You are vulnerable to cold. (rC-)
You float through the air rather than walking.
You learn spells naturally, not from books.
Your magical power is your life essence.
You have superior vitality. (+4 MHP)


Message History

You hit the white imp but do no damage.
The white imp is almost dead.
You hear a distant slurping noise.
The white imp gestures at you. The puff of frost hits you.
You feel a terrible chill!
* * * LOW HITPOINT WARNING * * *
Unknown command.
Unknown command.
Unknown command.
You hit the white imp but do no damage.
The white imp is almost dead.
The white imp hits you but does no damage.
Unknown command.
Unknown command.
It was a potion of haste.
You feel yourself speed up. The white imp gestures at you.
The puff of frost hits you.
You feel a terrible chill!
* * * LOW HITPOINT WARNING * * *
Unknown command.
Unknown command.
Unknown command.
Unknown command.
Okay, then.
It was a potion of curing.
You feel better.
Unknown command.
Unknown command.
Okay, then.
Casting: Momentum Strike (safe; 1% risk of failure)
Confirm with . or Enter, or press ? or * to list all spells.
You cannot move.
You hit the white imp.
The white imp is almost dead.
You are no longer robbed of momentum.
The white imp hits you but does no damage.
You hit the white imp but do no damage.
The white imp is almost dead.
The white imp hits you.
* * * LOW HITPOINT WARNING * * *
The white imp freezes you!
You feel a terrible chill!
You die...

####.....####
...... #....##.##
...... #....##.#
......
#....##.####
######
#.....#....##
###...#.....
#......#.# #
#..K####.##...#
####.KK5@.......#
#....#####.#z...#
#....#####.# ..#
#####.[........#
#
#......†.....####
#.####...z..KK.K.
#...#...#..K#.K
#.#...#.#5#...# #
.###..#..###.


You could see a wight, a white imp and 3 kobolds.

Vanquished Creatures
  The ghost of klichko the Insei, an amateur DsTm of Kikubaaqudgha (D:5)
  A vampire (D:6)
  Menkaure (D:5)
  An orc warrior (D:6)
  An ice beast (D:6)
  A black bear (D:7)
  3 ogres
  2 phantoms (D:6)
  A kobold brigand (D:7)
  A scorpion (D:6)
  5 wights (D:6)
  A centaur zombie (D:6)
  3 hounds (D:5)
  3 jellies
  A bullfrog skeleton (D:6)
  A gnoll bouda (D:7)
  A sleepcap (D:6)
  3 iguanas
  3 orc wizards (D:6)
  4 adders
  8 gnolls
  A white imp (D:6)
  An ufetubus (D:3)
  2 dart slugs
  2 orcs
  8 ball pythons
  4 bats
  8 endoplasms
  7 giant cockroaches
  3 hobgoblins
  2 jackals (D:3)
  2 quokkas
  A frilled lizard (D:3)
  4 goblins
  8 kobolds
  5 rats
104 creatures vanquished.

Vanquished Creatures (collateral kills)
  2 kobolds (D:1)
  A frilled lizard (D:1)
3 creatures vanquished.

Vanquished Creatures (others)
  138 foxfires
138 creatures vanquished.

Grand Total: 245 creatures vanquished

Notes
Turn   | Place    | Note
-------+----------+-------------------------------------------
     0 | D:1      | Riddle the Djinni Necromancer began the quest for the Orb.
     0 | D:1      | Riddle set off with the following spells memorised:
                  | Necrotise, Vampiric Draining, Animate Dead, Agony.
     0 | D:1      | Reached XP level 1. HP: 15/15 MP: 0/0
   105 | D:1      | Found a faded altar of an unknown god.
   122 | D:1      | Reached XP level 2. HP: 17/21 MP: 0/0
   376 | D:1      | Found Ikhahein's Antique Armour Emporium.
   550 | D:2      | Reached XP level 3. HP: 24/25 MP: 0/0
   550 | D:2      | Learned a level 1 spell: Foxfire
   580 | D:2      | Found Umewex Suso's Book Boutique.
   633 | D:2      | Found a broken altar of Ashenzari.
  1097 | D:3      | Reached skill level 4 in Spellcasting
  1156 | D:3      | Found a hide-covered altar of Uskayaw.
  1313 | D:3      | Found an ornate altar of the Wu Jian Council.
  1323 | D:3      | Reached XP level 4. HP: 26/31 MP: 0/0
  2028 | D:4      | Identified the +11 hand axe "Beutz" {drain, Str-5 Dex+3}
  2138 | D:4      | Noticed an ogre
  2144 | D:4      | Killed an ogre
  2145 | D:4      | Reached XP level 5. HP: 16/35 MP: 0/0
  2145 | D:4      | Learned a level 2 spell: Momentum Strike
  2413 | D:4      | Reached skill level 5 in Spellcasting
  2499 | D:4      | Reached XP level 6. HP: 7/40 MP: 0/0
  2824 | D:5      | Entered Level 5 of the Dungeon
  2843 | D:5      | Found a runed translucent door.
  2908 | D:5      | Noticed klichko's ghost (amateur DsTm)
  2919 | D:5      | HP: 1/40 [klichko's ghost (5)]
  2920 | D:5      | Killed klichko's ghost
  2921 | D:5      | Reached skill level 6 in Spellcasting
  2921 | D:5      | Reached XP level 7. HP: 1/46 MP: 0/0
  2921 | D:5      | Learned a level 3 spell: Vhi's Electric Charge
  3170 | D:5      | Noticed Menkaure
  3174 | D:5      | Killed Menkaure
  3355 | D:5      | Reached XP level 8. HP: 51/51 MP: 0/0
  3481 | D:6      | Reached skill level 7 in Spellcasting
  3586 | D:6      | Found an opulent altar of Gozag.
  3941 | D:6      | Reached skill level 1 in Fighting
  4086 | D:6      | Reached skill level 8 in Spellcasting
  4322 | D:6      | Reached XP level 9. HP: 57/57 MP: 0/0
  4322 | D:6      | Learned a level 3 spell: Teleport Other
  4500 | D:6      | Found a glowing silver altar of Zin.
  4526 | D:6      | Found a transporter.
  4526 | D:6      | Found a basalt altar of Yredelemnul.
  4551 | D:6      | Found a transporter.
  5057 | D:6      | Reached skill level 9 in Spellcasting
  5230 | D:7      | Reached skill level 1 in Unarmed Combat
  5611 | D:7      | HP: 1/58 [white imp/puff of frost (3)]
  5614 | D:7      | Slain by a white imp

Illustrated notes

Levels and vault maps discovered:
D:1:      psy_arrival_basics, layout_rooms, serial_shops, shop,
          hellmonk_ecumenical_altar_pennies_from_heaven
D:2:      layout_rooms, basic_altar, serial_shops, nicolae_shop_crystal
D:3:      layout_basic, nicolae_overflow_hidden_temple,
          mainiacjoe_overflow_catwalk, skrybe_limestone_x
D:4:      cheibrodos_fertilizer, layout_basic, nicolae_figureground_sparkle
D:5:      layout_basic, ebering_ghost_reflecting_pool, uniq_menkaure
D:6:      layout_rooms, gammafunk_temple_of_torment, zin_treasury,
          kennysheep_orc_sif_temple, lemuel_crystal_altar, patterned_corridor
D:7:      layout_basic, minmay_temple_entry_trees,
          minmay_fractal_squares_diagonal_5

Skill      XL: |  1  2  3  4  5  6  7  8  9 |
---------------+----------------------------+-----
Spellcasting   | 4 5 6 8 9 |  9.3
Stealth        | 2 |  2.8
Fighting       | 1 |  1.6
Unarmed Combat | 1 |  1.3
Dodging        | |  2.9
Evocations     | |  0.4

Action                     |  1- 3 |  4- 6 |  7- 9 || total
---------------------------+-------+-------+-------++-------
  Melee: Unarmed           |       |       |     7 ||     7
         Staff             |       |       |     4 ||     4
   Cast: Necrotise         |    51 |    46 |    31 ||   128
         Foxfire           |    13 |    14 |    51 ||    78
         Vampiric Draining |       |     8 |    54 ||    62
         Momentum Strike   |       |     1 |     5 ||     6
         Teleport Other    |       |       |     7 ||     7
  Evoke: Wand              |       |       |     3 ||     3
    Use: Potion            |       |       |     2 ||     2
   Stab: Paralysed         |       |       |     1 ||     1
 Armour: Robe              |     2 |     2 |    26 ||    30
  Dodge: Dodged            |     9 |     7 |    54 ||    70
